Unix NetHack Version 3.7.0-53 Work-in-progress - last build Apr 11 2022 03:59:15 (1e4a17dd8e4cd83bd3ef5d46a59529246cfc2aae,branch:master). Game began 2022-04-17 20:08:56, ended 2022-04-17 20:20:23. Dewzmint, lawful male human Priest ----- ---...--- |.......| --.%.....-- #.......>..| #|.........| ..........| #####--.......-- ### # |.......| @ ---...--- -----re -.--- |<... ### ....| ## ----.--- |...-####-..{...| ----- |......| |......| .......| -------- Dewzmint the Acolyte St:11 Dx:10 Co:16 In:11 Wi:18 Ch:10 Lawful S:795 Dlvl:5 $:128 HP:0(31) Pw:51(58) AC:6 Xp:4/110 T:1481 Latest messages: You feel better. You sense the presence of monsters. (For instructions type a '?') Done. With great effort you move the boulder. You descend the stairs. You see here 11 gold pieces. $ - 11 gold pieces. The door opens. That door is closed. The door opens. You see here 15 gold pieces. $ - 15 gold pieces. You see here 4 gold pieces. $ - 4 gold pieces. A rock piercer suddenly drops from the ceiling! You are almost hit by a falling rock piercer! You miss the rock piercer. The rock piercer bites! You hit the rock piercer! You hit the rock piercer! You miss the rock piercer. You miss the rock piercer. You kill the rock piercer! You see here a rock piercer corpse. You see here a pearl ring. r - a pearl ring. What do you want to wear? Which ring-finger, Right or Left? [rl] l r - a pearl ring (on left hand). In what direction? . You feel better. The rock mole bites! You miss the floating eye. You are frozen by the floating eye's gaze! The rock mole bites! The rock mole bites! The rock mole bites! The rock mole bites! The rock mole bites! The rock mole bites! The rock mole bites! The rock mole bites! The rock mole bites! You die... Do you want your possessions identified? [ynq] (y) y Do you want to see your attributes? [ynq] (y) y Do you want an account of creatures vanquished? [ynaq] (y) n Do you want to see your conduct and achievements? [ynq] (y) n Do you want to see the dungeon overview? [ynq] (y) y Major events: Turn 1: Dewzmint the lawful human Priest entered the dungeon 1113: attained the rank of Acolyte (level 3) 1142: destroyed peterg's ghost, the former Digger 1481: killed by a rock mole, while frozen by a floating eye's gaze Inventory: Coins $ - 128 gold pieces Weapons a - a blessed +1 mace (weapon in hand) Armor c - a +0 small shield (being worn) b - a +0 robe (being worn) q - a +0 leather jacket (being worn) Comestibles e - a clove of garlic f - a sprig of wolfsbane l - a tripe ration Spellbooks h - a spellbook of detect monsters g - a spellbook of healing Potions o - a potion of hallucination d - 4 potions of holy water j - a potion of water Rings r - a ring of warning (on left hand) Tools p - a sack containing 4 items Contents of the sack: 7 gold pieces a carrot 3 food rations a lichen corpse Dewzmint the Priest's attributes: Background: You were an Acolyte, a level 4 human Priest. You were lawful, nominally on a mission for Mitra who was opposed by Crom (neutral) and Set (chaotic). You were in the Dungeons of Doom, on level 5. You entered the dungeon 1481 turns ago. There was a full moon in effect when your adventure ended. You had 110 experience points, 50 more were needed to attain level 5. Your score was 795 before end-of-game adjustments. Basics: You had 0 out of 31 hit points. You had 51 out of 58 energy points (spell power). Your armor class was 6. Your wallet contained 128 zorkmids. Autopickup was off. Final Characteristics: Your strength was 11 (limit:18/100). Your dexterity was 10 (limit:18). Your constitution was 16 (limit:18). Your intelligence was 11 (limit:18). Your wisdom was 18 (limit:18). Your charisma was 10 (limit:18). Final Status: You were not hungry. You were unencumbered. You were wielding a mace. You had basic skill with mace. Final Attributes: You were devoutly aligned. You were warned. You were guarded. You were lucky. You are dead. Miscellaneous: You encountered 1 bones level. Total elapsed playing time was 11 minutes and 27 seconds. Vanquished creatures: a ghost a rock piercer a kobold leader 2 iguanas a hobgoblin a yellow mold a gecko 4 jackals a fox a goblin 6 sewer rats 2 grid bugs 4 lichens a newt 27 creatures vanquished. No species were genocided or became extinct. Voluntary challenges: You were an atheist. You read items or engraved 3 times. You never engraved Elbereth. You never genocided any monsters. You never polymorphed an object. You never changed form. You used no wishes. Achievements: You entered a shop. You attained the rank of Acolyte. The Dungeons of Doom: levels 1 to 5 Level 1: A sink. Level 2: A potion shop, some fountains. Level 3: Level 4: Some graves. Final resting place for peterg-Arc-Gno-Fem-Neu, killed by a hobbit, while frozen by a potion. Level 5: <- You were here. A fountain. Final resting place for you, killed by a rock mole, while frozen by a floating eye's gaze. Game over: ---------- / \ / REST \ / IN \ / PEACE \ / \ | Dewzmint | | 135 Au | | killed by a rock | | mole | | | | | | 2022 | *| * * * | * _________)/\\_//(\/(/\)/\//\/|_)_______ Goodbye Dewzmint the Priest... You died in The Dungeons of Doom on dungeon level 5 with 782 points, and 135 pieces of gold, after 1481 moves. You were level 4 with a maximum of 31 hit points when you died.